 Dungeon Crawl Stone Soup version 0.26-a0-852-g6321bf7485 (webtiles) character file.

Game seed: 6299480846729697115

91 marklar909 the Vandal (level 4, -4/29 HPs)
             Began as a Halfling Hunter on Nov 22, 2020.
             Was an Initiate of the Shining One.
             Killed by divine providence
             ... invoked by an orc priest
              (10 damage)
             ... on level 3 of the Dungeon.
             The game lasted 00:02:15 (2251 turns).

marklar909 the Vandal (Halfling Hunter)             Turns: 2251, Time: 00:02:15

Health: -4/29      AC:  6    Str: 14    XL:     4   Next: 88%
Magic:  4/4        EV:  9    Int:  9    God:    the Shining One [......]
Gold:   110        SH:  7    Dex: 14    Spells: 3/3 levels left

rFire    . . .     SeeInvis .   a - +1 hunting sling
rCold    . . .     Faith    .   s - +0 kite shield
rNeg     . . .     Spirit   .   t - +0 scale mail
rPois    .         Reflect  .   (no helmet)
rElec    .         Harm     .   (no cloak)
rCorr    .         Rampage  .   (no gloves)
MR       .....                  (no boots)
Stlth    ..........             (no amulet)
HPRegen  0.09/turn              (no ring)
MPRegen  0.09/turn              (no ring)

@: glowing
A: small, mutation resistance 1
a: Renounce Religion


You were on level 3 of the Dungeon.
You worshipped the Shining One.
The Shining One was noncommittal.
You visited 1 branch of the dungeon, and saw 3 of its levels.

You collected 110 gold pieces.

Inventory:

Hand Weapons
 a - a +1 hunting sling (weapon)
 b - a +0 rapier
Missiles
 d - 31 sling bullets
 e - 127 stones (quivered)
Armour
 s - a +0 kite shield (worn)
 t - a +0 scale mail (worn)
Scrolls
 f - a scroll of immolation
 g - a scroll of teleportation {unknown}
 h - a scroll of enchant weapon {unknown}
 i - a scroll of amnesia {unknown}
 j - a scroll of identify
 m - a scroll of fear {unknown}
 n - a scroll of blinking {unknown}
 o - a scroll of remove curse {unknown}
Potions
 k - a potion of brilliance
 l - 2 potions of curing {unknown}
 p - 3 potions of degeneration {unknown}
 q - a potion of heal wounds {unknown}
 r - a potion of flight {unknown}


   Skills:
 + Level 2.2 Fighting
 + Level 7.6 Slings
 + Level 1.4 Armour
 + Level 2.5 Dodging
 + Level 1.2 Stealth


You had 3 spell levels left.
You didn't know any spells.
Your spell library was empty.

Dungeon Overview and Level Annotations

Branches:
Dungeon (3/15)

Altars:
The Shining One


Innate Abilities, Weirdness & Mutations

You are small and have problems with some larger weapons.
You are somewhat resistant to further mutation.


Message History

You kill the orc!
The orc priest begins to cast a cantrip, but forgets the words!
An orc comes into view. It is wielding a +0 whip.
Unknown command.
Unknown command.
You shoot a stone. The stone misses the kobold.
Unknown command.
You shoot a stone. The stone closely misses the kobold.
An orc wizard comes into view. It is wielding a +0 dagger.
Unknown command.
You shoot a stone. The stone barely misses the kobold.
The orc priest mumbles some strange prayers to Beogh against you.
Pain shoots through your body!
* * * LOW HITPOINT WARNING * * *
Unknown command.
Unknown command.
Unknown command.
The orc priest calls down the wrath of Beogh upon you.
Beogh smites you!
You die...

................
####.#.##.######..
#......##.##
#..........#
##......##..#
.....<..##..#
.........#..#
...#####.#..# ..
#@(..# . ##...#
.K..oo..
##(>.#.o(.
##..o...( .(.....
..##### ...


You could see an orc priest, 2 orc wizards, an orc and a kobold.

Vanquished Creatures
  2 adders (D:2)
  2 oozes
  3 dart slugs
  A leopard gecko (D:1)
  An orc (D:3)
  3 giant cockroaches
  7 goblins
  6 hobgoblins
  3 jackals (D:1)
  5 kobolds
  4 quokkas
  2 ball pythons
  6 bats
  3 frilled lizards (D:2)
  6 rats
54 creatures vanquished.

Notes
Turn   | Place    | Note
-------+----------+-------------------------------------------
     0 | D:1      | marklar909 the Halfling Hunter began the quest for the Orb.
     0 | D:1      | Reached XP level 1. HP: 14/14 MP: 1/1
   258 | D:1      | Reached XP level 2. HP: 19/19 MP: 2/2
   274 | D:1      | Reached skill level 6 in Slings
   347 | D:1      | Found a glowing golden altar of the Shining One.
   494 | D:1      | Reached XP level 3. HP: 24/24 MP: 3/3
   920 | D:1      | You fall into a shaft and drop 1 floor!
  1065 | D:1      | Reached skill level 7 in Slings
  1131 | D:1      | Became a worshipper of the Shining One
  1280 | D:2      | Reached skill level 1 in Armour
  1280 | D:2      | Reached XP level 4. HP: 15/29 MP: 4/4
  2251 | D:3      | Killed from afar by an orc priest

Illustrated notes

Levels and vault maps discovered:
D:1:      lightli_arrival_statuegarden, layout_loops_corners, minmay_hexomino_r4
D:2:      layout_rooms
D:3:      layout_basic, tgw_xom, lemuel_coloured_pillars_altar

Skill      XL: |  1  2  3 |
---------------+----------+-----
Slings         | 6 7 |  7.6
Fighting       | 2 |  2.2
Armour         | 1 |  1.4
Dodging        | |  2.5
Stealth        | |  1.2

Action                   |  1- 3 |  4- 6 || total
-------------------------+-------+-------++-------
 Fire: Hunting sling     |   104 |    60 ||   164
  Use: Scroll            |       |     2 ||     2
Armor: Leather armour    |     9 |       ||     9
Dodge: Dodged            |    41 |     3 ||    44

Table legend: (Time is in decaauts)
 A = Elapsed time spent in this place.
 B = Non-inter-level travel time spent in this place.
 C = Inter-level travel time spent in this place.
 D = Time resting spent in this place.
 E = Time spent auto-exploring this place.
 F = Levels seen in this place.
 G = Mean time per level.
                   A        B        C        D        E       F      G
               +--------+--------+--------+--------+--------+-----+--------+
         Total |   2226 |   2102 |    124 |      0 |   1797 |   3 |  742.0 |
       Dungeon |   2226 |   2102 |    124 |      0 |   1797 |   3 |  742.0 |
               +--------+--------+--------+--------+--------+-----+--------+

Top non-repeatable levels by time:
     D:1: 1130 daAuts
     D:2: 937 daAuts
     D:3: 157 daAuts
